Map: [ESL] Data-C

Players

TeebuL

  • Race: Protoss Protoss
  • Spawn Location: 3:00

Probe - Winner!

  • Race: Protoss Protoss
  • Spawn Location: 9:00

Event: DreamHack SC2 Masters 2022 Atlanta (Online)

VOD

Have the link to the VOD?

Description

Time

  • Played on: Oct. 1, 2022, 4:08 a.m.
  • Length: 6:16

All games in this series

Show
View Real Time Build Order
Export as new Build Order

TeebuL Protoss 

Build Orders:  

Get SALT Encoding   

  12  0:00  Probe  
  13  0:12  Probe  
  14  0:17  Pylon  
  14  0:24  Probe  
  15  0:36  Gateway  
  15  0:38  Probe (Chrono Boost)  
  16  0:46  Probe (Chrono Boost)  
  16  0:47  Assimilator  
  17  0:52  Probe  
  17  0:55  Assimilator  
  18  1:04  Probe (Chrono Boost)  
  18  1:10  Gateway  
  19  1:17  Probe (Chrono Boost)  
  20  1:22  Probe (Chrono Boost), Cybernetics Core  
  21  1:34  Probe  
  21  1:39  Pylon  
  22  1:46  Probe  
  23  1:57  Gateway  
  23  2:01  Stalker  
  25  2:05  Stalker  
  25  2:08  Warp Gate (Chrono Boost)  
  27  2:16  Pylon  
  27  2:31  Stalker  
  29  2:38  Stalker  
  31  2:44  Stalker  
  33  2:53  Stargate  
  33  3:07  Gateway, Stalker  
  33  3:08  Stalker  
  37  3:20  Shield Battery, Pylon  
  37  3:49  Stalker x3  
  43  4:01  Stalker  
  45  4:04  Pylon  
  45  4:10  Stalker  
  43  4:27  Stalker  
  43  4:28  Stalker  
  31  4:43  Stalker  
  25  4:53  Stalker  
  21  5:19  Stalker  
  13  5:30  Zealot  
  15  5:39  Zealot  
  17  5:58  Zealot  
Show
View Real Time Build Order
Export as new Build Order

Probe Protoss - Winner!

Build Orders: 1 Gate Expand, Oracle Opening 

Get SALT Encoding   

  12  0:00  Probe  
  13  0:12  Probe  
  14  0:18  Pylon  
  14  0:24  Probe  
  15  0:36  Probe (Chrono Boost)  
  15  0:38  Gateway  
  16  0:45  Probe (Chrono Boost)  
  16  0:47  Assimilator  
  17  0:51  Probe (Chrono Boost)  
  18  1:03  Probe  
  19  1:15  Probe  
  20  1:24  Nexus  
  20  1:34  Cybernetics Core  
  20  1:38  Probe  
  21  1:44  Assimilator  
  21  1:50  Probe  
  21  1:53  Pylon  
  22  2:05  Probe  
  23  2:09  Adept (Chrono Boost)  
  25  2:19  Probe  
  25  2:20  Stargate  
  26  2:30  Shield Battery  
  26  2:33  Stalker (Chrono Boost)  
  26  2:35  Warp Gate (Chrono Boost)  
  28  2:41  Probe  
  29  2:56  Stalker (Chrono Boost)  
  31  2:59  Gateway  
  31  3:02  Probe  
  31  3:11  Probe  
  32  3:12  Oracle (Chrono Boost)  
  32  3:18  Probe  
  36  3:24  Probe  
  37  3:30  Shield Battery  
  38  3:41  Probe  
  38  3:46  Void Ray (Chrono Boost)  
  40  3:51  Shield Battery  
  40  3:54  Pylon  
  40  4:05  Probe  
  40  4:07  Probe  
  46  4:22  Void Ray  
  46  4:26  Stalker  
  46  4:28  Stalker  
  41  4:46  Pylon  
  32  5:15  Pylon  
  32  5:28  Void Ray (Chrono Boost)  
  28  5:45  Probe  
  29  6:03  Probe  
  29  6:04  Probe  
Tags
 
Add a new tag
Caveats
  • Supply blocks, unpowered buildings, or Contaminate may cause inaccurate times.
  • Supply counts are checked every 10 seconds.